 Dungeon Crawl Stone Soup version 0.22-a0-443-g17c3723 (webtiles) character file.

3512 xccam the Fighter (level 9, 0/129 HPs)
             Began as a Minotaur Monk on June 1, 2018.
             Slain by an orc warrior
             ... wielding a +0 spear
              (9 damage)
             ... in a bailey.
             The game lasted 00:16:07 (8458 turns).

xccam the Fighter (Minotaur Monk)                   Turns: 8458, Time: 00:16:08

Health: 0/129      AC:  1    Str: 23    XL:     9   Next: 81%
Magic:  8/8        EV: 24    Int: 10    God:
Gold:   532        SH:  0    Dex: 19    Spells: 8/8 levels left

rFire    . . .     SeeInvis .     - Unarmed
rCold    . . .     Gourm    .   (no shield)
rNeg     . . .     Faith    .   (no armour)
rPois    .         Spirit   .   (helmet restricted)
rElec    .         Reflect  .   (no cloak)
rCorr    .         Harm     .   z - +0 pair of gloves
MR       +....                  (no boots)
Stlth    ..........             (no amulet)
HPRegen  0.31/turn              y - +3 ring of intelligence
MPRegen  0.11/turn              t - ring of protection from magic

@: agile, berserking, very quick
A: retaliatory headbutt, horns 2
a: no special abilities


You were in a bailey.
You were not hungry.

You visited 1 branch of the dungeon, and saw 7 of its levels.
You also visited: Sewer and Bailey.

You collected 532 gold pieces.

Inventory:

Armour
 h - a +0 shield
 z - a +0 pair of gloves (worn)
Jewellery
 t - a ring of protection from magic (right hand)
 y - a +3 ring of intelligence (left hand)
Wands
 r - a wand of disintegration (10)
Scrolls
 a - 4 scrolls of amnesia
 c - a scroll of noise {unknown}
 i - 6 scrolls of teleportation
 j - 5 scrolls of remove curse
 l - a scroll of fog {unknown}
 s - 2 scrolls of magic mapping
 u - a scroll of immolation {unknown}
 v - a scroll of enchant armour {unknown}
Potions
 d - 2 potions of lignification
 e - 6 potions of heal wounds
 f - 4 potions of agility
 g - 11 potions of curing
 k - a potion of haste {unknown}
 m - 2 potions of berserk rage
 n - 3 potions of flight
 o - a potion of might
 p - a potion of ambrosia {unknown}
 q - 3 potions of invisibility
 w - a potion of degeneration {unknown}
 x - a potion of brilliance {unknown}
 A - a potion of resistance {unknown}
 B - a potion of experience {unknown}
Comestibles
 b - 19 rations


   Skills:
 + Level 10.5 Fighting
 + Level 9.1 Dodging
 - Level 1.5 Stealth
 + Level 9.7 Unarmed Combat


You had 8 spell levels left.
You didn't know any spells.
Your spell library contained the following spells:

 Spells                   Type           Power        Failure   Level  Hunger
 Magic Dart               Conj           #...         36%         1    ##.....
 Confuse                  Hex            #.......     75%         3    ####...
 Iskenderun's Mystic Bla  Conj           #.......     98%         4    #####..
 Confusing Touch          Hex            #.....       36%         1    ##.....
 Metabolic Englaciation   Hex/Ice        #.........   100%        5    ######.
 Petrify                  Tmut/Erth      #.......     98%         4    #####..
 Fulminant Prism          Conj/Hex       #.........   98%         4    #####..
 Dazzling Spray           Conj/Hex       #.....       75%         3    ####...
 Force Lance              Conj/Tloc      #.......     98%         4    #####..
 Searing Ray              Conj           #.....       50%         2    ###....
 Gell's Gravitas          Tloc           #.........   75%         3    ####...
 Yara's Violent Unravell  Hex/Tmut       #.........   100%        5    ######.


Dungeon Overview and Level Annotations

Branches:
Dungeon (7/15)             Temple (0/1) D:7

Altars:
Cheibriados
Sif Muna
Trog
The Shining One


Innate Abilities, Weirdness & Mutations

You reflexively headbutt those who attack you in melee.
You have a pair of horns on your head.


Message History

You closely miss the orc warrior.
The orc warrior is moderately wounded.
The orc warrior completely misses you.
The orc warrior hits you but does no damage.
The orc misses you.
You closely miss the orc warrior. Your headbutt misses the orc warrior.
The orc warrior is moderately wounded.
The orc warrior closely misses you. You furiously retaliate!
You headbutt the orc warrior.
The orc warrior hits you with a glaive!!
* * * LOW HITPOINT WARNING * * *
A red film seems to cover your vision as you go berserk!
You feel yourself moving faster!
You feel mighty! The orc closely misses you.
The orc warrior hits you with a spear!
* * * LOW HITPOINT WARNING * * *
You punch the orc warrior! You headbutt the orc warrior.
The orc warrior is severely wounded.
The orc warrior barely misses you. The orc completely misses you.
The orc warrior hits you with a spear!
You die...

#.......#
##.....##
###'###
#...#
#...#
#...#
#...#
###'###
##.)@).##
#..)oo..#
#..)o)).#
#..)))).#
#...))..#
#.......#
##.....##
##'''##
#.....#


You could see 2 orc warriors and an orc.

Vanquished Creatures
  A two-headed ogre (D:5)
  The ghost of Gorglomux the Cleaver, a novice GrFi (D:5)
  Grinder (D:6)
  A hippogriff (D:7)
  Duvessa (D:6)
  2 ice beasts (D:6)
  4 orc warriors (Bailey)
  A phantom (D:5)
  2 ogres
  A big kobold (Sewer)
  2 bullfrogs (D:6)
  Dowan (D:6)
  2 howler monkeys
  3 crimson imps
  4 hounds
  4 orc priests
  An iguana (D:5)
  5 orc wizards
  A hound skeleton (D:7)
  A howler monkey zombie (D:5)
  6 adders
  A gnoll (D:5)
  9 river rats
  An ooze (D:1)
  5 worms
  3 dart slugs
  4 leopard geckos
  45 orcs
  8 bats
  7 giant cockroaches
  27 goblins
  13 hobgoblins
  2 jackals (D:2)
  31 kobolds
  5 quokkas
  10 ball pythons
  7 frilled lizards
  30 rats
253 creatures vanquished.

Vanquished Creatures (others)
  An ooze (D:7)
1 creature vanquished.

Grand Total: 254 creatures vanquished

Notes
Turn   | Place    | Note
-------+----------+-------------------------------------------
     0 | D:1      | xccam the Minotaur Monk began the quest for the Orb.
     0 | D:1      | Reached XP level 1. HP: 19/19 MP: 0/0
   398 | D:1      | Reached skill level 4 in Fighting
   398 | D:1      | Reached XP level 2. HP: 21/27 MP: 1/1
   870 | D:1      | Reached XP level 3. HP: 34/34 MP: 2/2
  1518 | D:2      | Found a glowing golden altar of the Shining One.
  1560 | D:2      | Reached XP level 4. HP: 36/41 MP: 3/3
  1618 | D:2      | Reached skill level 5 in Fighting
  2123 | D:3      | Reached skill level 5 in Unarmed Combat
  2153 | D:3      | Found a deep blue altar of Sif Muna.
  2355 | D:3      | Reached XP level 5. HP: 47/48 MP: 4/4
  2710 | D:4      | You fall through a shaft for 2 floors!
  2717 | D:6      | Found a glowing drain.
  2811 | Sewer    | Entered a sewer
  2987 | Sewer    | Reached skill level 6 in Fighting
  2987 | Sewer    | Reached XP level 6. HP: 25/58 MP: 5/5
  4250 | D:5      | Entered Level 5 of the Dungeon
  4893 | D:5      | Reached skill level 7 in Fighting
  4893 | D:5      | Reached XP level 7. HP: 38/66 MP: 6/6
  5317 | D:5      | HP: 3/66 [orc wizard/puff of flame (12)]
  5586 | D:5      | Noticed Gorglomux's ghost (novice GrFi)
  5606 | D:5      | Killed Gorglomux's ghost
  5606 | D:5      | Reached skill level 5 in Dodging
  5799 | D:5      | Reached XP level 8. HP: 70/74 MP: 7/7
  5937 | D:5      | Found a bloodstained altar of Trog.
  6027 | D:5      | Reached skill level 8 in Fighting
  6296 | D:5      | Noticed a two-headed ogre
  6304 | D:5      | Killed a two-headed ogre
  6304 | D:5      | Reached skill level 9 in Fighting
  6704 | D:6      | Reached XP level 9. HP: 79/83 MP: 8/8
  6832 | D:6      | HP: 3/84 [ice beast (12)]
  7231 | D:6      | Noticed Duvessa
  7232 | D:6      | Noticed Dowan
  7232 | D:6      | Noticed Grinder
  7243 | D:6      | Killed Duvessa
  7249 | D:6      | Killed Dowan
  7281 | D:6      | Killed Grinder
  7441 | D:6      | Found a snail-covered altar of Cheibriados.
  7805 | D:7      | Reached skill level 10 in Fighting
  7919 | D:7      | Found a flagged portal.
  8133 | Bailey   | Entered a bailey
  8458 | Bailey   | Slain by an orc warrior

Vault maps used:
D:1:      sevenhm_arrival_forest_fort_large_2
D:2:      kennysheep_six_static_rooms, overflow_temple_1_default,
          serial_park_tiny_1
D:3:      marbit_many_paths
D:4:      first_ration, dk_vineyard_2, mrwooster_statue_mirror,
          kennysheep_small_square
D:5:      corexii_shantytown, kennysheep_mini_moat
D:6:      cheibrodos_worm_habitat, portal_sewer_entry_c,
          kennysheep_generic_room_11, uniq_duvessa, uniq_grinder
D:7:      minmay_temple_entry_statues_fountains, basic_altar, enter_bailey_3,
          grunt_livestock
Sewer:    sewer_minmay_treatment
Bailey:   bailey_polearm_5, bailey

Skill      XL: |  1  2  3  4  5  6  7  8  9 |
---------------+----------------------------+-----
Fighting       | 4 5 6 7 9 10 | 10.5
Unarmed Combat | 4 5 6 7 8 9 |  9.7
Dodging        | 4 5 7 9 |  9.1
Stealth        | |  1.5

Action                   |  1- 3 |  4- 6 |  7- 9 || total
-------------------------+-------+-------+-------++-------
Melee: Unarmed           |    81 |   254 |   254 ||   589
       Headbutt          |    12 |    35 |    53 ||   100
       Punch             |       |     4 |     6 ||    10
Evoke: Wand              |       |       |     6 ||     6
  Use: Scroll            |       |    11 |     2 ||    13
       Potion            |       |     1 |    11 ||    12
 Stab: Sleeping          |     5 |     2 |     7 ||    14
       Distracted        |       |     1 |       ||     1
  Eat: Chunk             |     2 |    11 |    11 ||    24
Armor: Skin              |       |       |    10 ||    10
Dodge: Dodged            |    56 |   147 |   244 ||   447

Table legend:
 A = Spawn XP
 B = Non-spawn XP
 C = Spawn XP percentage of total XP
 D = Spawn monster count
 E = Non-spawn monster count
 F = Spawn count percentage of total count
 G = Total turns spent on level
                    A         B        C        D         E        F      G
               +---------+---------+-------+---------+---------+-------+---------
         Total |       0 |    5018 |   0.0 |       0 |     253 |   0.0 |  8458
               +---------+---------+-------+---------+---------+-------+---------
           D:1 |       0 |      46 |   0.0 |       0 |      24 |   0.0 |  1111
           D:2 |       0 |      88 |   0.0 |       0 |      35 |   0.0 |   703
           D:3 |       0 |      68 |   0.0 |       0 |      23 |   0.0 |   619
           D:4 |       0 |      55 |   0.0 |       0 |       2 |   0.0 |   730
           D:5 |       0 |    2173 |   0.0 |       0 |      58 |   0.0 |  1914
           D:6 |       0 |    1306 |   0.0 |       0 |      23 |   0.0 |  1291
           D:7 |       0 |     421 |   0.0 |       0 |      13 |   0.0 |   355
         Sewer |       0 |     271 |   0.0 |       0 |      48 |   0.0 |  1410
        Bailey |       0 |     590 |   0.0 |       0 |      27 |   0.0 |   325
               +---------+---------+-------+---------+---------+-------+---------
